AoeStats
← 陟遐自迩

Black Forest

509575449Analyzed
4v4 RM · 5d ago on Sep 27, 2026· 43m 22s· 8 players
Game mode
Random Map
Map size
Large (8 player)
Population
200
Speed
Normal
Resources
Standard
Victory
Conquest
Starting age
Dark Age
Ending age
Imperial Age
RankedLock teamsTeams togetherTeam positionsShared explorationLock speedFull tech treeHidden civsTurbo modeCheats
Victory
Defeat
1027
+15
🇩🇪 Persians · Germany
1006
+16
🇳🇿 Danes · New Zealand
989
+17
🇨🇳 Khmer · China
985
+17
🇵🇱 Lithuanians · Poland
1056
-19
🇸🇪 Portuguese · Sweden
999
-16
🇨🇳 Mongols · China
998
-16
🇪🇸 Spanish · Spain
956
-35
Freneticness
8:12 Loom
11:11 Feudal Age
13:42 Double-Bit Axe
13:41 Horse Collar
16:30 Castle Age
15:22 Fishing Lines
17:17 Heavy Plow
17:55 Wheelbarrow
17:34 Bow Saw
20:53 Gold Mining
23:06 Gold Shaft Mining
26:58 Stone Mining
29:47 Imperial Age
28:19 Fletching
28:30 Padded Archer Armor
29:07 Murder Holes
29:23 Fortified Wall
29:49 Ballistics
29:51 Bloodlines
29:42 Husbandry
31:14 Parthian Tactics
31:27 Hand Cart
31:26 Capped Ram
32:54 Conscription
32:36 Nomads
34:05 Gillnets
36:05 Thumb Ring
36:44 Caravan
36:28 Elite Skirmisher
37:31 Heavy Cavalry Archer
39:24 Chemistry
38:23 Bodkin Arrow
38:44 Leather Archer Armor
40:05 Drill
39:11 Siege Ram
apastrana89
11:35 Feudal Age
13:12 Wheelbarrow
14:16 Double-Bit Axe
14:41 Horse Collar
21:22 Castle Age
22:12 Caravan
22:44 Bow Saw
22:42 Heavy Plow
36:01 Imperial Age
34:26 Forging
36:29 Hand Cart
KIELE_PL
0:40 Loom
10:25 Feudal Age
18:58 Castle Age
18:11 Double-Bit Axe
18:32 Horse Collar
22:24 Bow Saw
22:17 Heavy Plow
23:15 Wheelbarrow
22:26 Town Watch
23:08 Gold Mining
23:11 Stone Mining
25:14 Hand Cart
31:25 Imperial Age
29:48 Husbandry
30:30 Stone Shaft Mining
30:15 Caravan
30:44 Forging
30:34 Scale Mail Armor
31:10 Fortified Wall
34:39 Two-Man Saw
34:12 Crop Rotation
34:21 Iron Casting
34:02 Chain Mail Armor
34:09 Conscription
35:06 Chemistry
34:31 Fletching
36:21 Bodkin Arrow
36:08 Cavalier
gädda
6:23 Loom
12:04 Feudal Age
12:42 Double-Bit Axe
12:40 Horse Collar
19:03 Castle Age
17:17 Stone Mining
17:50 Gold Mining
23:25 Heavy Plow
30:09 Imperial Age
28:15 Wheelbarrow
28:46 Wheelbarrow
28:36 Bow Saw
29:42 Hand Cart
29:12 Town Watch
29:55 Caravan
29:59 Padded Archer Armor
29:49 Fletching
30:44 Stone Shaft Mining
31:27 Crop Rotation
31:24 Conscription
31:33 Town Patrol
32:20 Arquebus
33:08 Elite Organ Gun
36:11 Two-Man Saw
35:47 Ballistics
36:28 Chemistry
35:34 Siege Engineers
35:10 Treadmill Crane
陟遐自迩
0:47 Loom
12:37 Feudal Age
12:56 Horse Collar
19:05 Castle Age
17:00 Stone Mining
17:59 Double-Bit Axe
18:19 Fishing Lines
19:29 Wheelbarrow
20:34 Bow Saw
21:39 Heavy Plow
22:20 Gold Mining
23:01 Gillnets
26:14 Forging
30:44 Iron Casting
30:15 Scale Barding Armor
32:43 Imperial Age
30:37 Hand Cart
30:07 Town Watch
31:22 Gold Shaft Mining
31:25 Stone Shaft Mining
33:03 Chain Barding Armor
34:21 Two-Man Saw
34:00 Crop Rotation
35:06 Blast Furnace
34:41 Plate Barding Armor
34:10 Devotion
34:34 Conscription
33:35 Elite War Elephant
36:54 Husbandry
37:05 Bloodlines
37:10 Fletching
37:49 Bodkin Arrow
37:56 Caravan
42:15 Padded Archer Armor
42:54 Squires
42:16 Light Cavalry
42:20 Heavy Camel Rider
Not Dwight Kurt Schrute III
0:49 Loom
13:00 Feudal Age
17:55 Castle Age
15:46 Fishing Lines
23:38 Town Watch
24:45 Horse Collar
27:58 Wheelbarrow
27:24 Town Patrol
27:33 Caravan
27:41 Double-Bit Axe
33:13 Imperial Age
32:07 Hand Cart
31:58 Heavy Plow
33:01 Gold Mining
34:04 Thunderclap Bombs
34:09 Siege Engineers
34:37 Ballistics
34:30 Padded Archer Armor
37:13 Crop Rotation
36:56 Bow Saw
38:41 Leather Archer Armor
44:10 Gold Shaft Mining
BigBossBrowne
1:06 Loom
12:39 Feudal Age
13:54 Town Watch
16:48 Castle Age
17:40 Scale Mail Armor
17:52 Forging
17:50 Double-Bit Axe
18:21 Squires
18:42 Chain Mail Armor
18:30 Arson
19:59 Bow Saw
20:29 Horse Collar
26:44 Wheelbarrow
27:42 Hand Cart
27:42 Heavy Plow
32:30 Imperial Age
30:37 Gold Mining
30:37 Stone Mining
30:54 Caravan
32:25 Stone Shaft Mining
32:29 Gold Shaft Mining
32:33 Iron Casting
31:49 Fletching
31:23 Pikeman
31:50 Gambesons
32:23 Murder Holes
32:39 Masonry
33:19 Ballistics
32:48 Elite Varangian Guard
33:03 Halberdier
34:35 Plate Mail Armor
36:31 Blast Furnace
35:44 Town Patrol
35:48 Bodkin Arrow
37:23 Chemistry
38:49 Bracer
38:50 Padded Archer Armor
38:55 Scale Barding Armor
39:00 Siege Engineers
39:18 Hamask
40:19 Conscription
40:36 Hoardings
40:56 Capped Ram
42:14 Chain Barding Armor
42:10 Leather Archer Armor
43:55 Plate Barding Armor
42:58 Northmen's Fury
43:10 Siege Ram
竹杖
11:02 Feudal Age
14:06 Castle Age
12:24 Double-Bit Axe
12:41 Horse Collar
16:32 Heavy Plow
17:35 Bow Saw
19:33 Gold Mining
21:59 Wheelbarrow
22:17 Gold Shaft Mining
23:05 Stone Mining
26:55 Imperial Age
25:02 Hand Cart
24:33 Loom
24:34 Town Watch
27:41 Stone Shaft Mining
28:31 Crop Rotation
27:33 Elite Ballista Elephant
28:26 Double Crossbow
29:51 Bloodlines
29:42 Husbandry
30:04 Conscription
29:58 Forging
29:55 Scale Barding Armor
31:06 Chemistry
30:28 Ballistics
30:05 Light Cavalry
31:36 Iron Casting
31:03 Hussar
32:26 Siege Engineers
33:43 Chain Barding Armor
34:29 Blast Furnace
35:25 Fortified Wall
35:55 Plate Barding Armor
40:46 Masonry
Connection lost

Rejoining the realm…

Still unreachable

The connection could not be restored.

Session expired

The server has moved on; the page needs a fresh start.